 Dungeon Crawl Stone Soup version 0.29.1-12-g30fa7ad0bf (webtiles) character file.

Game seed: 12804077224357268461

842 hawla the Firebug (level 8, -2/57 HPs)
             Began as a Meteoran Fire Elementalist on Jan 12, 2023.
             Was an Initiate of Vehumet.
             Slain by a gnoll
             ... wielding a +0 club
             ... led by a gnoll bouda
              (6 damage)
             ... on level 6 of the Dungeon.
             The game lasted 00:06:21 (793 turns).

hawla the Firebug (Meteoran Fire Elementalist)       Turns: 793, Time: 00:06:22

Health: -2/57      AC:  8    Str: 10    XL:     8   Next: 43%
Magic:  0/18       EV: 13    Int: 18    God:    Vehumet [......]
Gold:   103        SH:  0    Dex: 15    Spells: 12/19 levels left

rFire   . . .      SeeInvis .   l - staff of air
rCold   . . .      Faith    .   (no shield)
rNeg    . . .      Spirit   .   a - +1 robe
rPois   .          Reflect  .   (no helmet)
rElec   +          Harm     .   g - +0 cloak
rCorr   .          Rampage  .   (no gloves)
Will    +....                   (no boots)
Stlth   +.........              (no amulet)
HPRegen 0.19/turn               c - +4 ring of protection
MPRegen 0.16/turn               (no ring)

@: on berserk cooldown, slowed, glowing, very slow
A: sense surroundings 1, otherworldly, glowing, explore regen
a: Renounce Religion


You were on level 6 of the Dungeon.
You worshipped Vehumet.
Vehumet was noncommittal.
You visited 1 branch of the dungeon, and saw 7 of its levels.

You collected 103 gold pieces.

Inventory:

Armour
 a - a +1 robe (worn)
 g - a +0 cloak (worn)
Magical Staves
 l - a staff of air (weapon)
Jewellery
 c - a +4 ring of protection (left hand)
Scrolls
 m - a scroll of identify
Potions
 d - a potion of mutation
 e - 2 potions of brilliance {unknown}
 f - a potion of cancellation {unknown}
 i - a potion of curing
 j - 2 potions of flight {unknown}


   Skills:
 + Level 3.2 Dodging
 - Level 1.4 Stealth
 + Level 6.2 Spellcasting
 + Level 6.0 Conjurations
 + Level 7.0 Fire Magic


You had 12 spell levels left.
You knew the following spells:

 Your Spells              Type           Power      Damage    Failure   Level
a - Foxfire               Conj/Fire      100%       2x1d9     1%          1
b - Scorch                Fire           60%        2d8       1%          2
c - Flame Wave            Conj/Fire      29%        2d9       8%          4

Your spell library contained the following spells:

 Spells                   Type           Power      Damage    Failure   Level
 Conjure Flame            Conj/Fire      29%        6-21      2%          3
 Inner Flame              Hex/Fire       18%        N/A       9%          3
 Cause Fear               Hex            2%         N/A       75%         4
 Discord                  Hex            2%         N/A       100%        8


Dungeon Overview and Level Annotations

Branches:
Dungeon (7/15) Zot: 3405
 Temple: D:4-7

Altars:
Vehumet
The Shining One


Innate Abilities, Weirdness & Mutations

You passively map a small area around you.
You are easily found by Zot.
You glow in the dark.
You regain HP and MP as you explore.


Message History

You kill the gnoll!
Vehumet accepts your kill.
Your Fire Magic skill increases to level 7!
You hit the gnoll but do no damage.
You are no longer berserk.
You are exhausted.
You feel yourself slow down. The gnoll hits you with a +0 club.
* * * LOW HITPOINT WARNING * * *
You hit the gnoll but do no damage. The gnoll misses you.
The gnoll barely misses you.
Casting: Foxfire (safe; 1% risk of failure)
Confirm with . or Enter, or press ? or * to list all spells.
Flames lash the gnoll.
The gnoll is lightly wounded.
The gnoll's fire resistance burns away.
The gnoll barely misses you. The gnoll attacks as you move away!
The gnoll misses you.
Your attacks no longer feel as feeble.
The gnoll closely misses you.
Casting: Scorch (safe; 1% risk of failure)
Confirm with . or Enter, or press ? or * to list all spells.
You conjure some foxfire!
The gnoll is no longer more vulnerable to fire.
The gnoll hits you with a +0 club.
* * * LOW HITPOINT WARNING * * *
You barely miss the gnoll.
The gnoll is lightly wounded.
The foxfire hits the gnoll.
The gnoll is moderately wounded.
The foxfire hits the gnoll.
The gnoll is heavily wounded.
The gnoll hits you with a +0 club.
* * * LOW HITPOINT WARNING * * *
The gnoll drinks a potion.
The gnoll is healed!
Casting: Foxfire (safe; 1% risk of failure)
Confirm with . or Enter, or press ? or * to list all spells.
You conjure some foxfire!
The gnoll hits you but does no damage. x2
You barely miss the gnoll.
The foxfire hits the gnoll.
The gnoll is lightly wounded.
The gnoll hits you with a +0 club.
You die...

.........>.......
,
.#####.##.......
* #.# ######. ,
#.# , * * *####
#.# , ..# #.# * ,
#.# #.#
#.#####.###.# * ,
.....))g@v..# ,
#.#####.##### ,
#.......# *
#8.8##### *, 8. ,
** 8 , ,, , * 8
** * * * , *,


You could see a gnoll (ally target).

Vanquished Creatures
  A steam dragon (D:7)
  A water moccasin (D:6)
  2 black bears (D:4)
  A phantom (D:4)
  A bullfrog (D:6)
  A necrophage (D:6)
  A scorpion (D:6)
  A gnoll bouda (D:6)
  An iguana (D:5)
  2 orc wizards (D:4)
  3 gnolls (D:6)
  An adder (D:6)
  An ufetubus (D:6)
  A worm (D:3)
  2 dart slugs
  An orc (D:4)
  A ball python (D:3)
  3 endoplasms
  3 goblins
  A hobgoblin (D:3)
  A quokka (D:4)
  4 bats
  A frilled lizard (D:3)
  3 kobolds
38 creatures vanquished.

Vanquished Creatures (others)
  82 foxfires
82 creatures vanquished.

Grand Total: 120 creatures vanquished

Notes
Turn   | Place    | Note
-------+----------+-------------------------------------------
     0 | D:1      | hawla the Meteoran Fire Elementalist began the quest for
                  | the Orb.
     0 | D:1      | Reached XP level 1. HP: 14/14 MP: 5/5
    97 | D:2      | Reached skill level 4 in Fire Magic
    97 | D:2      | Reached XP level 2. HP: 20/20 MP: 3/6
   144 | D:3      | Noticed a +0 dagger
   162 | D:3      | Noticed a +0 spear
   163 | D:3      | Noticed a +0 falchion
   163 | D:3      | Noticed a +0 spear
   163 | D:3      | Noticed a +0 short sword
   163 | D:3      | Noticed a +0 falchion
   163 | D:3      | Noticed a +0 dagger
   164 | D:3      | Noticed a +0 short sword
   199 | D:3      | Learned a level 2 spell: Scorch
   280 | D:3      | Reached XP level 3. HP: 26/26 MP: 4/8
   421 | D:4      | Noticed a black bear
   426 | D:4      | Killed a black bear
   427 | D:4      | Reached skill level 5 in Fire Magic
   427 | D:4      | Reached XP level 4. HP: 33/33 MP: 2/10
   427 | D:4      | Reached XP level 5. HP: 38/38 MP: 2/11
   432 | D:4      | Learned a level 4 spell: Flame Wave
   493 | D:4      | Noticed a phantom
   504 | D:4      | Killed a phantom
   505 | D:4      | Reached XP level 6. HP: 35/45 MP: 4/12
   548 | D:4      | Found a radiant altar of Vehumet.
   553 | D:4      | Became a worshipper of Vehumet
   573 | D:4      | Noticed a black bear
   577 | D:4      | Killed a black bear
   578 | D:4      | Reached skill level 5 in Conjurations
   578 | D:4      | Reached XP level 7. HP: 50/50 MP: 7/14
   592 | D:5      | Entered Level 5 of the Dungeon
   597 | D:5      | Identified the +8 chain mail "Oqegosm" {Regen+ Int+6}
   632 | D:6      | Found a glowing golden altar of the Shining One.
   634 | D:6      | Noticed a water moccasin
   637 | D:6      | Killed a water moccasin
   677 | D:6      | Reached skill level 5 in Spellcasting
   677 | D:6      | Reached skill level 6 in Fire Magic
   732 | D:7      | Noticed a steam dragon
   736 | D:7      | Killed a steam dragon
   737 | D:7      | Reached XP level 8. HP: 41/57 MP: 6/17
   786 | D:6      | Reached skill level 7 in Fire Magic
   793 | D:6      | Slain by a gnoll

Illustrated notes

Levels and vault maps discovered:
D:1:      dpeg_arrival_signposts, layout_basic, minmay_parallelograms,
          serial_park_tiny_pond, chequers_garden
D:2:      layout_loops_cross, ebering_ecumenical_altar_box, uniq_jessica,
          uniq_sigmund
D:3:      layout_loops_cross, nicolae_uskayaw_en_pointe
D:4:      layout_gridville, overflow_temple_1_default,
          mainiacjoe_overflow_24_doors, vehumet_crystals,
          hangedman_decor_peaks_small, uniq_natasha
D:5:      layout_loops_ring, makhleb_altar_promises_db, elyvilon_altar_1
D:6:      layout_loops_cross, mainiacjoe_overflow_brackets,
          minmay_temple_entry_statues, st_stairs_5
D:7:      layout_rooms, evilmike_ruin_ashenzari, minmay_misc_feat_x

Skill      XL: |  1  2  3  4  5  6  7  8 |
---------------+-------------------------+-----
Fire Magic     | 4 5 6 7 |  7.0
Spellcasting   | 3 4 5 6 |  6.2
Conjurations   | 2 4 5 6 |  6.0
Dodging        | 3 |  3.2
Stealth        | |  1.4

Action                   |  1- 3 |  4- 6 |  7- 9 || total
-------------------------+-------+-------+-------++-------
Melee: Unarmed           |     4 |       |       ||     4
       Staff             |       |       |    18 ||    18
 Cast: Foxfire           |    25 |     8 |    16 ||    49
       Scorch            |     3 |     8 |    16 ||    27
       Flame Wave        |       |     1 |     3 ||     4
  Use: Scroll            |     3 |       |     2 ||     5
       Potion            |       |     1 |     1 ||     2
Armor: Robe              |     4 |     5 |    13 ||    22
Dodge: Dodged            |     7 |     2 |    28 ||    37
